 Dungeon Crawl Stone Soup version 0.18.1-50-g88ac8fd (webtiles) character file.

161 Goblin1989 the Digger (level 5, 30/42 HPs)
             Began as a Deep Dwarf Earth Elementalist on July 5, 2017.
             Quit the game on level 3 of the Dungeon on Sept 18, 2017.
             The game lasted 00:14:38 (2948 turns).

Goblin1989 the Digger (DDEE)                        Turns: 2948, Time: 00:14:39

Health: 30/42      AC:  2    Str: 14    XL:     5   Next: 18%
Magic:  0/8        EV: 16    Int: 17    God:
Gold:   101        SH:  0    Dex: 13    Spells: 2 memorised, 5 levels left

rFire  . . .     SeeInvis .     p - 16 stones
rCold  . . .     Gourm    .     a - +0 robe
rNeg   . . .     Faith    .     (no shield)
rPois  .         Spirit   .     (no helmet)
rElec  .         Dismiss  .     (no cloak)
rCorr  .         Reflect  .     (no gloves)
SustAt .         Harm     .     (no boots)
MR     .....                    (no amulet)
Stlth  ++........               v - +3 ring of strength
                                t - +4 ring of evasion

@: non-regenerating, not resistant to hostile enchantments, unstealthy
A: damage resistance, recharge devices, sense surroundings 1, slow regeneration
3
a: Device Recharging


You were on level 3 of the Dungeon.
You were not hungry.

You visited 1 branch of the dungeon, and saw 3 of its levels.

You collected 101 gold pieces.

Inventory:

Hand Weapons
 j - a +0 dagger
 u - a +4 dagger of distortion {!w}
 B - a +0 whip
Missiles
 p - 16 stones (in hand)
Armour
 a - a +0 robe (worn)
Jewellery
 t - a +4 ring of evasion (left hand)
 v - a +3 ring of strength (right hand)
Wands
 h - a wand of heal wounds (3/9)
Scrolls
 i - 3 scrolls of teleportation {unknown}
 m - a scroll of identify {unknown}
 o - 4 scrolls of magic mapping {unknown}
 y - a scroll of enchant armour {unknown}
 A - a scroll of amnesia {unknown}
Potions
 k - a potion of berserk rage {unknown}
 l - a potion of agility {unknown}
 n - a potion of lignification {unknown}
 q - a potion of beneficial mutation {unknown}
 r - a potion of degeneration {unknown}
 s - a potion of haste {unknown}
 w - 2 potions of brilliance {unknown}
 x - 2 potions of curing {unknown}
 z - a potion of resistance {unknown}
 D - 2 potions of flight {unknown}
Books
 c - a book of Geomancy

   Spells                             Type                      Level
   a - Sandblast                      Earth                        1
   b - Passwall                       Transmutation/Earth          2
   c - Stone Arrow                    Conjuration/Earth            3
   d - Petrify                        Transmutation/Earth          4
   e - Lee's Rapid Deconstruction     Earth                        5
Comestibles
 e - 2 bread rations {@e1}
 C - 2 chunks of flesh


   Skills:
 - Level 2.1 Dodging
 - Level 2.4 Stealth
 + Level 2.5 Spellcasting
 * Level 2.1 Conjurations
   Level 0.8 Transmutations
 * Level 6.3 Earth Magic


You had 5 spell levels left.
You knew the following spells:

 Your Spells              Type           Power        Failure   Level  Hunger
a - Sandblast             Erth           ###...       1%          1    #......
b - Stone Arrow           Conj/Erth      ###...       12%         3    ###....


Dungeon Overview and Level Annotations

Branches:
Dungeon (3/15)

Altars:
Ashenzari
Elyvilon


Innate Abilities, Weirdness & Mutations

You are resistant to damage.
You can recharge devices by infusing magical energy.
You passively map a small area around you.
You do not regenerate naturally.


Message History

You see here a rat skeleton.
You start resting.
Magic restored.
MP restored: 7
p - 23 stones (gained 12)
D - 2 metallic ruby potions (gained 1)
i - 3 scrolls labeled ZIMOXZI VER (gained 1) Key pressed, stopping explore.
You see here a giant newt skeleton.
Key pressed, stopping explore.
A shadow imp comes into view.
An orc comes into view. It is wielding a club.
An orc comes into view. It is wielding a club.
An orc priest comes into view. It is wielding a hand axe.
Some of the chunks of flesh in your inventory have rotted away.
The orc shouts!
The orc priest shouts!
A giant newt comes into view.
Wield which item (- for none, * to show all)? (? for menu, Esc to quit)
o - 4 scrolls labeled JUUXZAFARAUT (in hand) Unknown command.
Wield which item (- for none, * to show all)? (? for menu, Esc to quit)
p - 23 stones (in hand)
An orc priest comes into view.
Casting: Sandblast
Confirm with . or Enter, or press ? or * to list all spells.
Aiming: Sandblast
Press: ? - help, Shift-Dir - straight line, f - orc priest
Aim: an orc priest, wielding a hand axe The rocky blast misses the orc priest.
You now have 6/7 mp.
Casting: Sandblast
Confirm with . or Enter, or press ? or * to list all spells.
Aiming: Sandblast
Press: ? - help, Shift-Dir - straight line, f/p - orc priest
Aim: an orc priest, wielding a hand axe The rocky blast misses the orc priest.
The rocky blast hits the orc.
You kill the orc!
The orc priest hits you but does no damage.
You now have 5/7 mp.
Casting: Sandblast
Confirm with . or Enter, or press ? or * to list all spells.
Aiming: Sandblast
Press: ? - help, Shift-Dir - straight line, f/p - orc priest
Aim: an orc priest, wielding a hand axe The rocky blast hits the orc priest.
The orc priest is moderately wounded.
The orc priest closely misses you.
The orc priest calls upon Beogh to heal the orc priest.
The orc priest's wounds heal themselves!
An orc comes into view. It is wielding a dagger of draining.
The orc shouts!
You hear a shout!
You now have 4/7 mp.
Casting: Sandblast
Confirm with . or Enter, or press ? or * to list all spells.
Aiming: Sandblast
Press: ? - help, Shift-Dir - straight line, f/p - orc priest
Aim: an orc priest, wielding a hand axe The rocky blast hits the orc priest.
The orc priest is moderately wounded.
The orc priest calls upon Beogh to heal the orc priest.
The orc priest's wounds heal themselves!
The orc priest calls down the wrath of Beogh upon you.
Beogh smites you!
You take 7 damage, and have 27/36 hp.
You now have 3/7 mp.
Casting: Sandblast
Confirm with . or Enter, or press ? or * to list all spells.
Aiming: Sandblast
Press: ? - help, Shift-Dir - straight line, f/p - orc priest
Aim: an orc priest, wielding a hand axe The rocky blast hits the orc priest.
You kill the orc priest!
Your Conjurations skill increases to level 2!
You have reached level 5!
A goblin comes into view. It is wielding a club.
You regained 4 hp, and now have 31/42 hp.
You now have 2/8 mp.
Casting: Sandblast
Confirm with . or Enter, or press ? or * to list all spells.
Aiming: Sandblast
Press: ? - help, Shift-Dir - straight line, f - orc
Aim: an orc, wielding a club and wearing a chain mail The rocky blast hits the orc.
The orc is lightly wounded.
The goblin shouts!
The orc hits you with a club.
You take 1 damage, and have 30/42 hp.
You now have 1/8 mp.
Casting: Sandblast
Confirm with . or Enter, or press ? or * to list all spells.
Aiming: Sandblast
Press: ? - help, Shift-Dir - straight line, f/p - orc
Aim: an orc, wielding a club and wearing a chain mail (lightly wounded)
The rocky blast hits the orc.
The orc is lightly wounded.
The orc misses you.
An orc wizard comes into view. It is wielding a dagger.
You now have 0/8 mp.
Casting: Sandblast
Confirm with . or Enter, or press ? or * to list all spells.
You don't have enough magic to cast that spell.
Are you sure you want to abandon this character and quit the game? (Confirm with "yes".) ..... .... · ▓ ███ · .. · ▓ ▓ ▓· .. · ▓ ▓ ▓▓ █.██ ███████

·.· ..█ █...... ·
█..██▓ ▓█.██████......
·
█....█████.........!...
· ·
▓█.ooo@....g...........
·
█..l████...███████████
█.o......█...█ ·..█
.████████.████ █.· ▓
█....████ ▓ █ · ·
████....███ ▓ ·· ·· ·
████...█ · ███.. · · ·
· ███


You could see an orc priest, an orc wizard, 2 orcs, a goblin and a giant newt.

Vanquished Creatures
  An orc priest (D:3)
  A worker ant (D:3)
  4 adders
  An adder zombie (D:1)
  4 dart slugs
  5 orcs (D:3)
  5 giant cockroaches
  10 goblins
  4 hobgoblins
  A quokka (D:2)
  A ball python (D:3)
  A ball python zombie (D:1)
  6 bats
  4 giant newts
  A kobold (D:1)
  7 rats
56 creatures vanquished.

Notes
Turn   | Place    | Note
--------------------------------------------------------------
     0 | D:1      | Goblin1989 the Deep Dwarf Earth Elementalist began the quest for the Orb.
     0 | D:1      | Reached XP level 1. HP: 15/15 MP: 3/3
   188 | D:1      | Reached XP level 2. HP: 14/22 MP: 2/4
   711 | D:1      | Reached skill level 5 in Earth Magic
   977 | D:1      | Reached XP level 3. HP: 26/28 MP: 4/6
   986 | D:1      | Learned a level 3 spell: Stone Arrow
  1832 | D:2      | Reached skill level 1 in Conjurations
  2105 | D:2      | Found a shattered altar of Ashenzari.
  2105 | D:2      | Found a white marble altar of Elyvilon.
  2412 | D:3      | Reached XP level 4. HP: 35/36 MP: 0/7
  2648 | D:3      | Reached skill level 6 in Earth Magic
  2945 | D:3      | Reached XP level 5. HP: 31/42 MP: 2/8
  2948 | D:3      | Quit the game

Skill      XL: |  1  2  3  4 |
---------------+-------------+-----
Spellcasting   | 2 |  2.5
Earth Magic    | 5 6 |  6.3
Conjurations   | 1 2 |  2.1
Dodging        | |  2.1
Stealth        | |  2.4
Transmutations | |  0.8

Action                   |  1- 3 |  4- 6 || total
-------------------------+-------+-------++-------
Melee: Dagger            |    25 |     5 ||    30
 Cast: Sandblast         |    70 |    31 ||   101
       Stone Arrow       |     3 |     2 ||     5
Evoke: Wand              |     2 |       ||     2
  Eat: Chunk             |     6 |     2 ||     8
Armor: Robe              |    12 |     2 ||    14
Dodge: Dodged            |    56 |    15 ||    71

Vault maps used:
D:1:      saegor_arrival_fortress, st_stairs_7
D:2:      gammafunk_temple_overflow_elements
D:3:      vehumet_crystals, serial_glass, glass_columns_c, glass_columns_a
